XFBL
SAN FRANCISCO GIANTS @ MONTREAL EXPOS
05/12/1982
 
TOP OF THE 1ST
San Francisco Giants batting - Pitching for Montreal Expos : LHP Frank Riccelli
Pitching: LHP Frank Riccelli
Batting: LHB Ken Griffey Sr 0-0: Called Strike
0-1: Called Strike
0-2: Ball
1-2: Fly out, F7 (Line Drive, 7D, EV 95.6 MPH)
Batting: LHB Kevin Christensen 0-0: Swinging Strike
0-1: Called Strike
0-2: SOLO HOME RUN (Line Drive, 9LD, EV 103.1 MPH), Distance : 364 ft
Batting: LHB Keith Hernandez 0-0: Called Strike
0-1: Ball
1-1: Fly out, F8 (Flyball, 89D, EV 84.4 MPH)
Batting: RHB Phil Bailey 0-0: Called Strike
0-1: Fly out, F8 (Line Drive, 8RD, EV 96.3 MPH)
Top of the 1st over - 1 run, 1 hit, 0 errors, 0 left on base; San Francisco 1 - Montreal 0
BOTTOM OF THE 1ST
Montreal Expos batting - Pitching for San Francisco Giants : RHP Dan Neumeier
Pitching: RHP Dan Neumeier
Batting: LHB Duane Walker 0-0: Ball
1-0: Fly out, F7 (Flyball, 7S, EV 85.0 MPH)
Batting: SHB Garry Templeton 0-0: Foul Ball, location: 2F
0-1: Foul Ball, location: 2F
0-2: Strikes out looking
Batting: LHB Kirk Gibson 0-0: Ball
1-0: Fly out, F5 (Popup, 56, EV 67.5 MPH)
Bottom of the 1st over - 0 runs, 0 hits, 0 errors, 0 left on base; San Francisco 1 - Montreal 0
TOP OF THE 2ND
San Francisco Giants batting - Pitching for Montreal Expos : LHP Frank Riccelli
Batting: RHB Don Slaught 0-0: Ball
1-0: Ball
2-0: Called Strike
2-1: Foul Ball, location: 2F
2-2: Ball
3-2: Ground out 4-3 (Groundball, 4, EV 81.3 MPH)
Batting: RHB Kevin Howard 0-0: Ground out 6-3 (Groundball, 6, EV 78.8 MPH)
Batting: SHB Tyler O'Dell 0-0: Ball
1-0: Foul Ball, location: 2F
1-1: Ball
2-1: Ball
3-1: Ground out 6-3 (Groundball, 6, EV 85.0 MPH)
Top of the 2nd over - 0 runs, 0 hits, 0 errors, 0 left on base; San Francisco 1 - Montreal 0
BOTTOM OF THE 2ND
Montreal Expos batting - Pitching for San Francisco Giants : RHP Dan Neumeier
Batting: RHB Dale Murphy 0-0: Fly out, F2 (Popup, 2R, EV 91.9 MPH)
Batting: RHB Dave Winfield 0-0: Ball
1-0: Foul Ball, location: 2F
1-1: Foul Ball, location: 2F
1-2: Strikes out looking
Batting: LHB Timnothy Meyer 0-0: Called Strike
0-1: Ball
1-1: Foul Ball, location: 2F
1-2: Strikes out looking
Bottom of the 2nd over - 0 runs, 0 hits, 0 errors, 0 left on base; San Francisco 1 - Montreal 0
TOP OF THE 3RD
San Francisco Giants batting - Pitching for Montreal Expos : LHP Frank Riccelli
Batting: RHB Dickie Thon 0-0: Ground out U3 (Groundball, 3, EV 101.9 MPH)
Batting: RHB Dan Neumeier 0-0: Called Strike
0-1: Foul Ball, location: 2F
0-2: Ball
1-2: Ball
2-2: Ball
3-2: Strikes out swinging
Batting: LHB Ken Griffey Sr 0-0: Called Strike
0-1: Foul Ball, location: 2F
0-2: Strikes out swinging
Top of the 3rd over - 0 runs, 0 hits, 0 errors, 0 left on base; San Francisco 1 - Montreal 0
BOTTOM OF THE 3RD
Montreal Expos batting - Pitching for San Francisco Giants : RHP Dan Neumeier
Batting: LHB Ernesto Quevedo 0-0: Called Strike
0-1: Foul Ball, location: 2F
0-2: Ball
1-2: SINGLE (Line Drive, 9S, EV 91.9 MPH)
Batting: LHB Orlando Sanchez 0-0: Ball
1-0: Grounds into double play, 5-4-3 (Groundball, 56S, EV 92.5 MPH)
Batting: LHB Frank Riccelli 0-0: Called Strike
0-1: Ball
1-1: Ground out U3 (Groundball, 3L, EV 104.4 MPH)
Bottom of the 3rd over - 0 runs, 1 hit, 0 errors, 0 left on base; San Francisco 1 - Montreal 0
TOP OF THE 4TH
San Francisco Giants batting - Pitching for Montreal Expos : LHP Frank Riccelli
Batting: LHB Kevin Christensen 0-0: Called Strike
0-1: Ball
1-1: Ball
2-1: Ball
3-1: Base on Balls
Batting: LHB Keith Hernandez 0-0: Ball
1-0: Ball
2-0: Foul Ball, location: 2F
2-1: Ball
3-1: SINGLE (Groundball, 5D, EV 104.4 MPH)
Kevin Christensen to second
Batting: RHB Phil Bailey 0-0: Ball
1-0: Foul Ball, location: 2F
1-1: Fly out, F9 (Flyball, 89M, EV 86.3 MPH)
Batting: RHB Don Slaught 0-0: Ball
Kevin Christensen steals 3rd base (no throw)
Keith Hernandez to second
1-0: Ball
2-0: Called Strike
2-1: Ball
3-1: Ground out 6-3 (Groundball, 6, EV 89.4 MPH)
Kevin Christensen scores
Batting: RHB Kevin Howard 0-0: Ball
1-0: Fly out, F8 (Flyball, 8LS, EV 94.4 MPH)
Top of the 4th over - 1 run, 1 hit, 0 errors, 1 left on base; San Francisco 2 - Montreal 0
BOTTOM OF THE 4TH
Montreal Expos batting - Pitching for San Francisco Giants : RHP Dan Neumeier
Batting: LHB Duane Walker 0-0: Ball
1-0: Foul Ball, location: 2F
1-1: Foul Ball, location: 2F
1-2: Foul Ball, location: 2F
1-2: Ground out 4-3 (Groundball, 4, EV 102.5 MPH)
Batting: SHB Garry Templeton 0-0: Called Strike
0-1: SINGLE (Groundball, 6MD, EV 103.8 MPH)
Batting: LHB Kirk Gibson 0-0: Called Strike
Garry Templeton steals 2nd base
0-1: Ball
1-1: Called Strike
1-2: Ground out U3 (Groundball, 3, EV 99.4 MPH)
Garry Templeton to third
Batting: RHB Dale Murphy 0-0: Ball
1-0: Foul Ball, location: 2F
1-1: Foul Ball, location: 2F
1-2: Ground out 6-3 (Groundball, 6, EV 87.5 MPH)
Bottom of the 4th over - 0 runs, 1 hit, 0 errors, 1 left on base; San Francisco 2 - Montreal 0
TOP OF THE 5TH
San Francisco Giants batting - Pitching for Montreal Expos : LHP Frank Riccelli
Batting: SHB Tyler O'Dell 0-0: Fly out, F9 (Flyball, 9LS, EV 81.3 MPH)
Batting: RHB Dickie Thon 0-0: Ball
1-0: Swinging Strike
1-1: Foul Ball, location: 2F
1-2: Foul Ball, location: 2F
1-2: Ball
2-2: Strikes out looking
Batting: RHB Dan Neumeier 0-0: Called Strike
0-1: Swinging Strike
0-2: Ball
1-2: Ball
2-2: Strikes out swinging
Top of the 5th over - 0 runs, 0 hits, 0 errors, 0 left on base; San Francisco 2 - Montreal 0
BOTTOM OF THE 5TH
Montreal Expos batting - Pitching for San Francisco Giants : RHP Dan Neumeier
Batting: RHB Dave Winfield 0-0: Ball
1-0: SINGLE (Line Drive, 7LS, EV 109.4 MPH)
Batting: LHB Timnothy Meyer 0-0: Ball
1-0: Ball
2-0: Called Strike
2-1: Swinging Strike
2-2: Ground out 3-1 (Groundball, 34S, EV 84.4 MPH)
Dave Winfield to second
Batting: LHB Ernesto Quevedo 0-0: Ground out 4-3 (Groundball, 4, EV 90.0 MPH)
Dave Winfield to third
Batting: LHB Orlando Sanchez 0-0: Ball
1-0: Ball
2-0: Called Strike
2-1: SINGLE (Groundball, 25, EV 65.0 MPH) (infield hit)
Dave Winfield scores
Batting: LHB Frank Riccelli 0-0: Fly out, F9 (Flyball, 9, EV 90.0 MPH)
Bottom of the 5th over - 1 run, 2 hits, 0 errors, 1 left on base; San Francisco 2 - Montreal 1
TOP OF THE 6TH
San Francisco Giants batting - Pitching for Montreal Expos : LHP Frank Riccelli
Batting: LHB Ken Griffey Sr 0-0: Foul Ball, location: 2F
0-1: Called Strike
0-2: Ball
1-2: Ball
2-2: Ball
3-2: Strikes out looking
Batting: LHB Kevin Christensen 0-0: Called Strike
0-1: Swinging Strike
0-2: Ball
1-2: Strikes out swinging
Batting: LHB Keith Hernandez 0-0: Ball
1-0: Ground out 4-3 (Groundball, 4, EV 84.4 MPH)
Top of the 6th over - 0 runs, 0 hits, 0 errors, 0 left on base; San Francisco 2 - Montreal 1
BOTTOM OF THE 6TH
Montreal Expos batting - Pitching for San Francisco Giants : RHP Dan Neumeier
Batting: LHB Duane Walker 0-0: Ball
1-0: Ball
2-0: Foul Ball, location: 2F
2-1: Ball
3-1: SOLO HOME RUN (Flyball, 9D, EV 103.8 MPH), Distance : 370 ft
Batting: SHB Garry Templeton 0-0: Ball
1-0: Foul Ball, location: 2F
1-1: Foul Ball, location: 2F
1-2: Ground out U3 (Groundball, 34S, EV 85.6 MPH)
Batting: LHB Kirk Gibson 0-0: Foul Ball, location: 2F
0-1: SOLO HOME RUN (Flyball, 9LD, EV 101.3 MPH), Distance : 356 ft
Batting: RHB Dale Murphy 0-0: Ball
1-0: Ball
2-0: Ground out 5-3 (Groundball, 5S, EV 84.4 MPH)
Batting: RHB Dave Winfield 0-0: Ball
1-0: Foul Ball, location: 2F
1-1: Swinging Strike
1-2: Fly out, F8 (Flyball, 89M, EV 80.6 MPH)
Bottom of the 6th over - 2 runs, 2 hits, 0 errors, 0 left on base; San Francisco 2 - Montreal 3
TOP OF THE 7TH
San Francisco Giants batting - Pitching for Montreal Expos : LHP Frank Riccelli
Batting: RHB Phil Bailey 0-0: SOLO HOME RUN (Flyball, 78XD, EV 109.4 MPH), Distance : 417 ft
Pitching: LHP Bob Ojeda
Now in LF: Guonçalo Fernandes
Batting: RHB Don Slaught 0-0: Ball
1-0: Foul Ball, location: 2F
1-1: SINGLE (Groundball, 6MD, EV 101.3 MPH) (infield hit)
Batting: RHB Kevin Howard 0-0: Fly out, F7 (Flyball, 78M, EV 83.8 MPH)
Batting: SHB Tyler O'Dell 0-0: Ball
1-0: Ball
2-0: SINGLE (Line Drive, 56, EV 99.4 MPH)
Don Slaught to second
Runner from 2nd tries for 3rd, SAFE, throw by LF made to third
Batting: RHB Dickie Thon 0-0: Ball
1-0: Ground out U3 (Groundball, 34S, EV 77.5 MPH)
Tyler O'Dell to second
Batting: RHB Dan Neumeier 0-0: Called Strike
0-1: Ball
1-1: Ball
2-1: Foul Ball, location: 2F
2-2: Ball
3-2: Strikes out looking
Top of the 7th over - 1 run, 3 hits, 0 errors, 2 left on base; San Francisco 3 - Montreal 3
BOTTOM OF THE 7TH
Montreal Expos batting - Pitching for San Francisco Giants : RHP Dan Neumeier
Batting: LHB Timnothy Meyer 0-0: Ground out U3 (Groundball, 34, EV 110.0 MPH)
Batting: LHB Ernesto Quevedo 0-0: Ball
1-0: Ball
2-0: DOUBLE (Flyball, 7LD, EV 93.8 MPH)
Batting: LHB Orlando Sanchez 0-0: Foul Ball, location: 2F
0-1: 2-RUN HOME RUN (Flyball, 78XD, EV 107.5 MPH), Distance : 408 ft
Pitching: LHP Doug Capilla
Batting: LHB Guonçalo Fernandes 0-0: Ball
1-0: Fly out, F7 (Line Drive, 7, EV 86.3 MPH)
Batting: LHB Duane Walker 0-0: Ball
1-0: Ball
2-0: Ball
3-0: Called Strike
3-1: Hit by Pitch
Batting: SHB Garry Templeton 0-0: Ball
1-0: Ball
2-0: Ball
3-0: Reached on error, E6 (Groundball, 6, EV 103.8 MPH)
Duane Walker to second
Batting: LHB Kirk Gibson 0-0: Called Strike
0-1: Ball
1-1: Ball
2-1: Swinging Strike
2-2: Ball
3-2: TRIPLE (Line Drive, 78XD, EV 103.8 MPH)
Duane Walker scores
Garry Templeton scores
Pitching: RHP Dave Ford
Batting: RHB Dale Murphy 0-0: Ball
1-0: Swinging Strike
1-1: Ball
2-1: Ball
3-1: Called Strike
3-2: Strikes out swinging
Bottom of the 7th over - 4 runs, 3 hits, 1 error, 1 left on base; San Francisco 3 - Montreal 7
TOP OF THE 8TH
San Francisco Giants batting - Pitching for Montreal Expos : LHP Bob Ojeda
Batting: LHB Ken Griffey Sr 0-0: Ball
1-0: Foul Ball, location: 2F
1-1: Ball
2-1: Ball
3-1: Called Strike
3-2: Ground out 5-3 (Groundball, 56, EV 79.4 MPH)
Batting: LHB Kevin Christensen 0-0: SINGLE (Groundball, 56D, EV 103.1 MPH)
Batting: LHB Keith Hernandez 0-0: Fly out, F8 (Flyball, 8RS, EV 90.6 MPH)
Batting: RHB Phil Bailey 0-0: Fielders Choice at 2nd, 6-4 (Groundball, 6, EV 101.3 MPH)
Top of the 8th over - 0 runs, 1 hit, 0 errors, 1 left on base; San Francisco 3 - Montreal 7
BOTTOM OF THE 8TH
Montreal Expos batting - Pitching for San Francisco Giants : RHP Dave Ford
Pinch Hitting: RHB Philip Klimas 0-0: Foul Ball, location: 2F
0-1: Swinging Strike
0-2: SOLO HOME RUN (Flyball, 9D, EV 104.4 MPH), Distance : 363 ft
Batting: LHB Timnothy Meyer 0-0: Fly out, F8 (Flyball, 8LD, EV 101.9 MPH)
Batting: LHB Ernesto Quevedo 0-0: Swinging Strike
0-1: Ball
1-1: Ball
2-1: Fly out, F6 (Line Drive, 6, EV 76.9 MPH)
Batting: LHB Orlando Sanchez 0-0: Fly out, F8 (Flyball, 8RD, EV 105.6 MPH)
Bottom of the 8th over - 1 run, 1 hit, 0 errors, 0 left on base; San Francisco 3 - Montreal 8
TOP OF THE 9TH
San Francisco Giants batting - Pitching for Montreal Expos : LHP Bob Ojeda
Pitching: RHP Adrian Devine
Batting: RHB Don Slaught 0-0: Foul Ball, location: 2F
0-1: SINGLE (Line Drive, 89S, EV 105.6 MPH)
Batting: RHB Kevin Howard 0-0: Swinging Strike
0-1: Ball
1-1: Fielders Choice at 2nd, 6-4 (Groundball, 6, EV 83.8 MPH)
Batting: SHB Tyler O'Dell 0-0: Ball
1-0: Called Strike
1-1: Called Strike
1-2: Foul Ball, location: 2F
1-2: Ground out 4-3 (Groundball, 13, EV 83.1 MPH)
Kevin Howard to second
Batting: RHB Dickie Thon 0-0: 2-RUN HOME RUN (Flyball, 9LD, EV 95.6 MPH), Distance : 346 ft
Pinch Hitting: SHB Larry Reynolds 0-0: Ball
1-0: Swinging Strike
1-1: Swinging Strike
1-2: Ball
2-2: Strikes out swinging
Top of the 9th over - 2 runs, 2 hits, 0 errors, 0 left on base; San Francisco 5 - Montreal 8
Thursday, July 30th, 2020 - OOTP Baseball 21.5 Build 71